[Event "GrandPrix_30.05"]
[Site "Chess.com"]
[Date "2020.05.30"]
[Round "2"]
[White "kpio91"]
[Black "switlave"]
[Result "1-0"]
[WhiteElo "2545"]
[BlackElo "2157"]
[TimeControl "600+2"]
[EndTime "8:52:37 PDT"]
[Termination "kpio91 won by resignation"]

1. d4 Nf6 2. c4 g6 3. Nf3 Bg7 4.
g3 O-O 5. Bg2 d5 6. cxd5 Nxd5 7.
O-O Nb6 8. Nc3 Nc6 9. e3 Re8 10. h3 a5 11. Rb1 a4 12. b4 axb3 13. axb3 e5 14. d5 e4 15. dxc6 Bxc3 16. Qxd8 Rxd8 17. Ng5 f5 18. cxb7 Bxb7 19. Ne6 Rdc8 20. Bb2 Bxb2 21. Rxb2 Bd5 22. Nc5 Ra3 23. Rd1 Rca8 24. Rdd2 Ra1+ 25. Kh2 c6 26. g4 Kf7 27. Kg3 Kf6 28. Rbc2 Rb1 29. h4 Ke5 30. h5 Raa1 31. Ra2 Rxa2 32. Rxa2 gxh5 33. gxf5 Kxf5 34. Ra7 Nc8 35. Rxh7 Kg5 36.
Bxe4 Nd6 37. Bxb1 1-0

[Event "GrandPrix_30.05"]
[Site "Chess.com"]
[Date "2020.05.30"]
[Round "2"]
[White "Matibar"]
[Black "MasterSonnevanck2"]
[Result "1-0"]
[WhiteElo "2510"]
[BlackElo "2127"]
[TimeControl "600+2"]
[EndTime "8:52:37 PDT"]
[Termination "Matibar won by resignation"]

1. e4 e5 2. Nf3 Nc6 3. Bb5 a6 4.
Ba4 Nf6 5. Nc3 d6 6. a3 Be7 7. d3 O-O 8. h3 Be6 9. O-O b5 10. Bb3 Bxb3 11. cxb3 Nd4 12. Nxd4 exd4 13. Ne2 c5 14.
Bg5 d5 15. Bxf6 Bxf6 16. Ng3 dxe4 17. Nxe4 Be7 18. Qf3 Qd7 19. Rac1 Rac8 20. Rfe1 Rfe8 21. Re2 f5 22. Ng3 g6 23. Rce1 Bf8 24. Kf1 Rxe2 25.
Nxe2 Re8 26. Nf4 Rxe1+ 27. Kxe1 Qd6 28. Kd1 Bh6 29. Qa8+ Qf8 30. Qd5+ Qf7 31. Ne6 Bf8 32. f4 h6 33. g4 fxg4 34. hxg4 h5 35. gxh5 gxh5 36.
Qg5+ Kh8 37. Nxf8 Qxf8 38. Qxh5+ Kg7 39. Qe5+ Kh7 40. Qe4+ Kh6 41. Ke2 Qf6 42. Kf3 Qh4 43. Qe6+ Kh7 44. Qf5+ Kh8 45. Ke4 Qh1+ 46. Ke5 Qe1+ 47.
Kf6 Qh4+ 48. Ke6 Qe1+ 49. Kf7 1-0

[Event "GrandPrix_30.05"]
[Site "Chess.com"]
[Date "2020.05.30"]
[Round "2"]
[White "Kopytkin"]
[Black "VojtechPlat"]
[Result "0-1"]
[WhiteElo "2089"]
[BlackElo "2290"]
[TimeControl "600+2"]
[EndTime "8:52:40 PDT"]
[Termination "VojtechPlat won on time"]

1. e4 e5 2. Nf3 Nc6 3. d4 exd4 4. c3 d3 5. Bxd3 d6 6. h3 Be7 7. Nbd2 Nf6 8. Nf1 O-O 9. Ng3 Re8 10. O-O Bf8 11.
Re1 g6 12. Bg5 Bg7 13. Qd2 Ne5 14. Nxe5 dxe5 15. Bb5 Qxd2 16. Bxd2 Rd8 17. Bg5 h6 18. Be3 Be6 19. Ba4 a6 20. Bb3 Bxb3 21. axb3 Nd7 22.
Nf1 Nf8 23. Nd2 Ne6 24. Nc4 b6 25. Red1 a5 26. Kf1 Kf8 27. Ke2 Ke7 28. Rxd8 Rxd8 29.
Rd1 Rb8 30. Rd5 f6 31. f3 h5 32. g3 h4 33. g4 g5 34. Rd1 Bf8 35. Ra1 Ke8 36. Rd1 Ra8 37. Kf2 Rd8 38. Rxd8+ Kxd8 39. Ke2 Bc5 40. Bc1 Kd7 41. Na3 Bxa3 42. bxa3 b5 43.
Be3 Kc6 44. Kd3 Kd6 45. Kc2 c5 46. Kd3 Kc6 47. a4 c4+ 48. Kc2 cxb3+ 49. Kxb3 Nc5+ 50. Bxc5 Kxc5 0-1

[Event "GrandPrix_30.05"]
[Site "Chess.com"]
[Date "2020.05.30"]
[Round "2"]
[White "Misterlose0"]
[Black "PavelShkapenko"]
[Result "0-1"]
[WhiteElo "1868"]
[BlackElo "2418"]
[TimeControl "600+2"]
[EndTime "8:52:45 PDT"]
[Termination "PavelShkapenko won on time"]

1. d4 Nf6 2. c4 e6 3. Nc3 Bb4 4. a3 Bxc3+ 5. bxc3 c5 6. f3 Nc6 7. e4 O-O 8. Be3 d5 9. cxd5 exd5 10. e5 Nd7 11. f4 Qa5 12. Qd2 cxd4 13. cxd4 Qxd2+ 14. Kxd2 Nb6 15. Nf3 Na5 16. Bd3 Nb3+ 17. Ke2 Nxa1 18.
Rxa1 Bg4 19. h3 Bxf3+ 20. Kxf3 Rac8 21. Bd2 Nc4 22. Bb4 Rfe8 23. Rb1 b6 24. a4 f6 25.
Bf5 Rc7 26. g4 Rf7 27. e6 Rc7 28. Re1 a5 29. Bc3 Rce7 30. g5 Nd6 31. gxf6 gxf6 32. Bg4 Rc8 33. Bb2 Rc2 34. Bc1 Rc3+ 35. Kf2 f5 36. Bd2 Rc2 0-1

[Event "GrandPrix_30.05"]
[Site "Chess.com"]
[Date "2020.05.30"]
[Round "2"]
[White "Onischuk_V"]
[Black "OhanyanEminChess"]
[Result "1-0"]
[WhiteElo "2480"]
[BlackElo "2099"]
[TimeControl "600+2"]
[EndTime "8:52:49 PDT"]
[Termination "Onischuk_V won on time"]

1. e4 e5 2. Nf3 Nc6 3. Bc4 Nf6 4. d3 Bc5 5. O-O d6 6. c3 O-O 7. Nbd2 a6 8. Bb3 h6 9. h3 Be6 10. Bc2 d5 11. Re1 Re8 12. exd5 Bxd5 13. Ne4 Nxe4 14.
dxe4 Be6 15. Qe2 Qe7 16. b4 Bd6 17. Be3 f6 18. Nd2 Qf7 19. Bb3 a5 20. Bxe6 Qxe6 21. b5 Nb8 22. Nc4 Be7 23. Rad1 Nd7 24. Rd5 b6 25.
Red1 Nc5 26. Bxc5 Bxc5 27. a4 c6 28. bxc6 Qxc6 29. Qa2 Qe6 30. Nd2 Kh8 31. Nf3 f5 32.
Qc2 Qf6 33. Re1 f4 34. Red1 g5 35. Qe2 h5 36. Ne1 Qg6 37. Nd3 Bd6 38. Nxf4 gxf4 39. Rxd6 Qg5 40. Rxb6 Rg8 41. Qf3 Rac8 42. Rdd6 Kh7 43.
Rb7+ Kh8 44. h4 1-0

[Event "GrandPrix_30.05"]
[Site "Chess.com"]
[Date "2020.05.30"]
[Round "2"]
[White "jacky72"]
[Black "am00ss00"]
[Result "1-0"]
[WhiteElo "2233"]
[BlackElo "2048"]
[TimeControl "600+2"]
[EndTime "8:52:54 PDT"]
[Termination "jacky72 won by checkmate"]

1. d4 d5 2. c4 e6 3. Nc3 f5 4. Bf4 c6 5. e3 Bd6 6. Bxd6 Qxd6 7. Nf3 Nf6 8. Bd3 O-O 9. O-O Bd7 10. Ne5 Be8 11.
cxd5 Nxd5 12. Qb3 b6 13. Rac1 Nd7 14. Nf3 Rc8 15. a3 Bh5 16. Nd2 c5 17. Ba6 Rcd8 18. Nc4 Qe7 19. Nxd5 exd5 20. Nd2 c4 21. Qa4 Nf6 22.
b3 cxb3 23. Qxb3 Ne4 24. Nxe4 fxe4 25. Rc6 Rf5 26. Rfc1 Rdf8 27. Rc8 Qg5 28. Rxf8+ Rxf8 29. Rc7 Bf3 30. g3 Qf5 31. Qc2 h5 32. Rxa7 h4 33.
Qc7 Qg5 34. Bb7 hxg3 35. Bxd5+ Kh8 36. Qxg3 Qh6 37. Ra8 Rxa8 38. Bxa8 Qe6 39. d5 Qc8 40. Bc6 Qf8 41. d6 Qf6 42. Qh3+ Kg8 43. Bd5+ Kf8 44. Qh8# 1-0

[Event "GrandPrix_30.05"]
[Site "Chess.com"]
[Date "2020.05.30"]
[Round "2"]
[White "Bosiocic"]
[Black "SoltaniciR"]
[Result "1-0"]
[WhiteElo "2693"]
[BlackElo "2159"]
[TimeControl "600+2"]
[EndTime "8:52:56 PDT"]
[Termination "Bosiocic won by resignation"]

1. d4 Nf6 2. Bg5 c5 3. d5 e6 4.
Nc3 h6 5. Bxf6 Qxf6 6. e4 a6 7.
Nf3 d6 8. a4 e5 9. a5 h5 10. Na4 Nd7 11. Nd2 Rb8 12. Nc4 g6 13.
h4 Bh6 14. g3 O-O 15. Ra3 Qe7 16. Bh3 Nf6 17. Bxc8 Rbxc8 18. f3 Ne8 19. Qe2 Ng7 20. Rb3 f5 21. Rb6 Rf6 22. Nc3 Rcf8 23. exf5 Nxf5 24.
Ne4 Nd4 25. Nxf6+ Rxf6 26. Qe4 Nxf3+ 27. Kd1 Nd4 28. c3 Nf5 29. Rg1 Qd7 30. Kc2 Qa4+ 31. Kb1 Ne3 32. Nxd6 Qxa5 33. Qxe5 Qa4 34. Rc1 Ng4 35. Qe7 Bf8 36. Qe2 Bxd6 37. Re1 Qd7 38. Qe8+ Qxe8 39. Rxe8+ Kf7 40. Rh8 Bxg3 41. Rxb7+ 1-0

[Event "GrandPrix_30.05"]
[Site "Chess.com"]
[Date "2020.05.30"]
[Round "2"]
[White "Gabrielian_Artur"]
[Black "rusuvlad95"]
[Result "1-0"]
[WhiteElo "2299"]
[BlackElo "2096"]
[TimeControl "600+2"]
[EndTime "8:52:57 PDT"]
[Termination "Gabrielian_Artur won by resignation"]

1. e4 e5 2. Nc3 Nf6 3. g3 Bc5 4. Bg2 O-O 5. Nge2 d6 6. O-O Nc6 7.
d3 a5 8. h3 h6 9. Kh2 Nd4 10.
Nxd4 Bxd4 11. f4 exf4 12. Bxf4 Re8 13. Qf3 Bd7 14. Rae1 Rb8 15. Nd1 Be5 16. c3 Bb5 17. Nf2 c5 18. Rd1 Bxf4 19. gxf4 Bc6 20. Rfe1 b5 21.
d4 cxd4 22. cxd4 Bb7 23. d5 Rc8 24. Rc1 b4 25. Qd3 Qb6 26. Qd2 Nh5 27. Rxc8 Bxc8 28. e5 Bf5 29. Kg1 Rc8 30. Rc1 Rxc1+ 31. Qxc1 Qd4 32.
Qd1 Qxd1+ 33. Nxd1 Nxf4 34. exd6 Kf8 35. Ne3 Bxh3 36.
Be4 Ke8 37. Nc4 a4 38. Nb6 Bd7 39. Kf2 g5 40. Ke3 h5 41. Bc2 h4 42. Kf3 h3 43.
Kg3 Ne2+ 44. Kh2 Nd4 45. Bd1 f5 46. Kxh3 f4+ 47. Kg2 Nb5 48. Bxa4 Nxd6 49. Bxd7+ Kd8 50. Bg4 Kc7 51. Na4 Nc4 52. Nc5 Nxb2 53. Ne4 Nc4 54.
Be6 g4 55. d6+ Nxd6 56. Nxd6 Kxd6 57. Bxg4 Ke5 1-0

[Event "GrandPrix_30.05"]
[Site "Chess.com"]
[Date "2020.05.30"]
[Round "2"]
[White "Salnaa"]
[Black "Kiril1965"]
[Result "0-1"]
[WhiteElo "2156"]
[BlackElo "2578"]
[TimeControl "600+2"]
[EndTime "8:53:02 PDT"]
[Termination "Kiril1965 won by resignation"]

1. d4 Nf6 2. c4 g6 3. Nc3 d5 4. Nf3 Bg7 5. Qb3 c6 6. cxd5 Nxd5 7. e4 Nxc3 8. bxc3 O-O 9. Bc4 b5 10. Be2 Nd7 11. O-O Nb6 12. Be3 Be6 13. Qc2 Bc4 14. Bxc4 Nxc4 15. a4 a6 16. Nd2 Nxe3 17. fxe3 e5 18.
axb5 axb5 19. Nf3 Qe7 20. Qd3 Rfd8 21. g3 h6 22. Rxa8 Rxa8 23. d5 Qc5 24. Kg2 Rd8 25. Rd1 Rd6 26. g4 Bf6 27. h4 cxd5 28. exd5 b4 29. c4 Qa7 30. h5 Ra6 31. hxg6 e4 32.
gxf7+ Qxf7 33. Qxe4 b3 34. d6 Bd8 35. Rd2 Ra2 36. d7 Kg7 37. Qe5+ Qf6 38. Qxf6+ Kxf6 39. Kg3 b2 40. Rd1 Ra1 0-1

[Event "GrandPrix_30.05"]
[Site "Chess.com"]
[Date "2020.05.30"]
[Round "2"]
[White "Frozygul"]
[Black "nikosgal"]
[Result "1-0"]
[WhiteElo "2145"]
[BlackElo "2214"]
[TimeControl "600+2"]
[EndTime "8:53:04 PDT"]
[Termination "Frozygul won by resignation"]

1. d4 Nf6 2. c4 e6 3. Nf3 d5 4. Nc3 dxc4 5. e3 c5 6. Bxc4 Nc6 7. O-O a6 8. Qe2 b5 9. Bb3 Bb7 10. Rd1 Qb6 11. d5 exd5 12. Nxd5 Nxd5 13. Bxd5 Be7 14. e4 O-O 15. e5 Rad8 16. Bf4 Nd4 17. Nxd4 Rxd5 18. Nf5 Bd8 19. Rxd5 Bxd5 20. Rd1 Bxa2 21. Rd6 Qb7 22. Nxg7 Bb1 23. Qh5 Bg6 24. Qh6 Qe4 25.
h4 Qe1+ 26. Kh2 Qxf2 27. Bg3 Qe2 28. h5 Be4 29. Rd2 Qg4 30. e6 Bg5 31. exf7+ Kh8 32. Qe6 Bf5 33. Qe5 Rxf7 34. Ne6+ Bf6 35. Rd8+ Qg8 36. Rxg8+ Kxg8 37. Qb8+ 1-0

[Event "GrandPrix_30.05"]
[Site "Chess.com"]
[Date "2020.05.30"]
[Round "2"]
[White "DaggiGretarsson"]
[Black "matej2221"]
[Result "1-0"]
[WhiteElo "2089"]
[BlackElo "2120"]
[TimeControl "600+2"]
[EndTime "8:53:04 PDT"]
[Termination "DaggiGretarsson won by resignation"]

1. d4 Nf6 2. c4 e6 3. Nf3 b6 4. Bf4 Bb7 5. e3 d5 6. Nc3 Bd6 7. Bg3 O-O 8. Qc2 a6 9. cxd5 exd5 10. Rd1 c5 11. dxc5 bxc5 12. Bc4 d4 13. exd4 Re8+ 14. Be2 Bxf3 15. gxf3 Bxg3 16. hxg3 cxd4 17. Qa4 d3 18. Rxd3 Qb6 19. Nd5 Qc6 20. Nxf6+ gxf6 21. Qg4+ Kf8 22.
Qf4 Nd7 23. Qh6+ Ke7 24. O-O Kd8 25. Rc1 Qb5 26. Qxf6+ Re7 27. Qh4 Qxb2 28. Rcd1 Qxe2 29. Rxd7+ Ke8 30. R7d3 f5 31. Qh5+ Kf8 32. Rd8+ Re8 33. Qxf5+ Kg8 34. Qd5+ Kg7 35. Rd7+ Kh8 36. Qd4+ Qe5 37.
Qh4 Qf5 38. R1d5 Re1+ 39. Kg2 Qg6 40. Rg5 1-0

[Event "GrandPrix_30.05"]
[Site "Chess.com"]
[Date "2020.05.30"]
[Round "2"]
[White "DinaBelenkaya"]
[Black "Evgeny81"]
[Result "0-1"]
[WhiteElo "1625"]
[BlackElo "2406"]
[TimeControl "600+2"]
[EndTime "8:53:13 PDT"]
[Termination "Evgeny81 won by resignation"]

1. e4 e5 2. Nf3 Nc6 3. d4 exd4 4. Nxd4 Qf6 5. Nxc6 Bc5 6. Qf3 bxc6 7. Nc3 Qxf3 8.
gxf3 Ne7 9. Na4 Bd4 10. c3 Bf6 11. h4 h5 12. Nc5 d6 13. Na6 Bxa6 14. Bxa6 Rb8 15. Ke2 Ng6 16. f4 Nxh4 17. f5 g5 18.
fxg6 Nxg6 19. Rh3 Rxb2+ 20. Bxb2 Nf4+ 21. Ke3 Nxh3 22. Rh1 Ng5 23. f4 Ne6 24. Be2 h4 25.
Bg4 Ke7 26. Kf3 Rb8 27. Ba3 Bxc3 28. Rxh4 Nd4+ 29. Kg2 Nc2 30. Bc1 Rb1 31. Rh1 Ne1+ 32. Rxe1 Bxe1 33. Be3 Bd2 34. Bd4 Bxf4 35. Kf3 Be5 36.
Bf2 a5 37. Bh4+ Bf6 38. Bf2 Ra1 39. Kf4 Rxa2 40. Ba7 a4 41. Bd1 a3 42. Bb3 Rb2 43.
Bc4 a2 0-1

[Event "GrandPrix_30.05"]
[Site "Chess.com"]
[Date "2020.05.30"]
[Round "2"]
[White "Korchmar_Vasiliy"]
[Black "Grebnev_A"]
[Result "1-0"]
[WhiteElo "2089"]
[BlackElo "2186"]
[TimeControl "600+2"]
[EndTime "8:53:14 PDT"]
[Termination "Korchmar_Vasiliy won by resignation"]

1. d4 Nf6 2. c4 g6 3. Nc3 Bg7 4. e4 O-O 5. Nf3 d6 6. h3 e5 7. d5 a5 8. g4 Na6 9. Be3 Nc5 10. Nd2 c6 11. Be2 Bd7 12. g5 Ne8 13. h4 cxd5 14.
cxd5 Rb8 15. Nc4 b5 16. Nxd6 Nxd6 17. Bxc5 Qc7 18. b4 Nb7 19. d6 Qd8 20. Nd5 f6 21. h5 Nxc5 22. bxc5 Rf7 23. hxg6 hxg6 24. Rc1 Rc8 25. Bg4 f5 26. exf5 Qxg5 27. Ne7+ Rxe7 28. dxe7 Bf6 29. Rc3 Bxf5 30. Qd5+ Kg7 31. Rh7+ Kxh7 32. Qf7+ Kh6 33. Rh3+ Qh4 34. Rxh4+ Bxh4 35. Bxf5 gxf5 36. Qe6+ 1-0

[Event "GrandPrix_30.05"]
[Site "Chess.com"]
[Date "2020.05.30"]
[Round "2"]
[White "hypert"]
[Black "ninullia"]
[Result "1-0"]
[WhiteElo "2202"]
[BlackElo "2280"]
[TimeControl "600+2"]
[EndTime "8:53:15 PDT"]
[Termination "hypert won on time"]

1. e4 e5 2. Nf3 Nc6 3. Nc3 Nf6 4. d4 exd4 5. Nxd4 Bb4 6. Nxc6 bxc6 7.
Bd3 d5 8. Bd2 O-O 9. O-O Bxc3 10.
Bxc3 Nxe4 11. Bxe4 dxe4 12. Re1 Qxd1 13. Raxd1 Bf5 14.
Rd4 Rfd8 15. Rc4 Rd6 16. Be5 Rd5 17. Bxc7 Rc8 18. Bf4 f6 19. h3 h5 20. Be3 Ra5 21. a4 Kf7 22. Rd1 Ke6 23. Bc5 Kf7 24. Ra1 Be6 25. Rc3 Rd8 26. b4 Ra6 27. a5 f5 28.
Re1 Rd2 29. Be3 Rd5 30. Rc5 f4 31. Rxd5 cxd5 32. Bxf4 Rc6 33. b5 Rxc2 34. Rb1 Bc8 35. Be3 a6 36. bxa6 Bxa6 37. Rb6 Bc4 38. a6 Ra2 39. Rb7+ Ke6 40. a7 d4 41. Bxd4 g6 42. Rb6+ Kf5 43. Rf6+ Kg5 44. Rf8 Bd5 45. Be3+ Kh4 46.
Kh2 1-0

[Event "GrandPrix_30.05"]
[Site "Chess.com"]
[Date "2020.05.30"]
[Round "2"]
[White "MiroVlasenko"]
[Black "LuckyLuka04"]
[Result "0-1"]
[WhiteElo "2388"]
[BlackElo "2180"]
[TimeControl "600+2"]
[EndTime "8:53:21 PDT"]
[Termination "LuckyLuka04 won by checkmate"]

1. d4 Nf6 2. Bg5 e6 3. Nf3 d5 4. e3 Be7 5. Nbd2 c5 6. c3 Nbd7 7. Bd3 O-O 8. O-O b6 9. Ne5 Nxe5 10. dxe5 Nd7 11. Bf4 Bb7 12. Qh5 g6 13. Qh6 Re8 14. Nf3 Bf8 15. Qh3 Bg7 16. Rad1 Qc7 17. Qg3 Bc6 18. h4 b5 19. h5 a5 20. a3 b4 21.
axb4 axb4 22. cxb4 c4 23. Bb1 Ba4 24. Rd2 Reb8 25.
hxg6 hxg6 26. e4 d4 27. Rxd4 Rxb4 28. Qh2 Rxb2 29. Rxd7 Qxd7 30. Bh6 Bh8 31. Ng5 Qe7 32. f4 f6 33. exf6 Bxf6 34. e5 Bxg5 35. Bxg5 Qh7 36.
Qg3 Bc6 37. Rf3 Rxb1+ 38. Kf2 Ra2+ 39. Ke3 Qa7# 0-1

[Event "GrandPrix_30.05"]
[Site "Chess.com"]
[Date "2020.05.30"]
[Round "2"]
[White "PotapovaM"]
[Black "IwkooO"]
[Result "1-0"]
[WhiteElo "2176"]
[BlackElo "2353"]
[TimeControl "600+2"]
[EndTime "8:53:35 PDT"]
[Termination "PotapovaM won by resignation"]

1. d4 Nf6 2. c4 e6 3. Nf3 c5 4. d5 b5 5. Bg5 exd5 6. cxd5 h6 7. Bf4 d6 8. e3 Qb6 9. a4 bxa4 10. Qxa4+ Bd7 11. Qc2 Nxd5 12. Bc4 Nf6 13. Nc3 Be7 14. O-O Nc6 15. Rfd1 Nb4 16. Qd2 Bc6 17. e4 O-O 18.
Bxh6 Nxe4 19. Qf4 d5 20. Nxe4 dxe4 21. Ne5 Bf6 22. Ng4 Bxb2 23. Rab1 Ba4 24. Rd6 Qxd6 25. Qxd6 Bd4 26. Qg3 gxh6 27. Qh4 Bg7 28. Nxh6+ Bxh6 29. Qxh6 Rad8 30. h4 Nd3 31. Rb7 Bd1 32. Bxf7+ Rxf7 33. Qg6+ Kh8 34. Qxf7 1-0

[Event "GrandPrix_30.05"]
[Site "Chess.com"]
[Date "2020.05.30"]
[Round "2"]
[White "BlackBoarder"]
[Black "Kezin_Roman"]
[Result "0-1"]
[WhiteElo "2154"]
[BlackElo "2517"]
[TimeControl "600+2"]
[EndTime "8:53:36 PDT"]
[Termination "Kezin_Roman won on time"]

1. e4 c5 2. Nf3 e6 3. c3 d5 4. exd5 exd5 5. d4 Nc6 6. Bb5 Bd6 7. O-O Nf6 8. Re1+ Be6 9. dxc5 Bxc5 10. Be3 Bxe3 11.
Rxe3 O-O 12. Nd4 Qb6 13. Bxc6 bxc6 14. Qb3 Qc7 15. Nd2 Ng4 16. Rg3 Bd7 17. h3 Nf6 18. Re1 c5 19. Nc2 Be6 20. Qa4 Rab8 21. b3 Bf5 22. Ne3 Bg6 23. Ng4 Ne4 24. Nxe4 dxe4 25. Ne3 f5 26. Nd5 Qd6 27. c4 f4 28. Rg4 Rb7 29.
Qa5 Rbf7 30. Qd2 Kh8 31. Qc3 h6 32. b4 Kh7 33. bxc5 Qxc5 34. Qe5 Qxc4 35. Nxf4 Bf5 36. Rg3 Qxa2 37. Nh5 Bg6 38. Kh2 Qxf2 39. Ree3 Qf5 40. Qxf5 Rxf5 41. Nxg7 Kxg7 42. Rxe4 Rg5 43. Ra3 Bxe4 0-1

[Event "GrandPrix_30.05"]
[Site "Chess.com"]
[Date "2020.05.30"]
[Round "2"]
[White "tsvet2005"]
[Black "fujiwara_hoga"]
[Result "0-1"]
[WhiteElo "2222"]
[BlackElo "2146"]
[TimeControl "600+2"]
[EndTime "8:53:37 PDT"]
[Termination "fujiwara_hoga won by resignation"]

1. d4 d5 2. c4 e6 3. Nc3 Nf6 4. cxd5 exd5 5. Bg5 Be7 6. e3 O-O 7. Bd3 Nbd7 8. Qc2 c6 9. Nge2 Re8 10. O-O Nf8 11.
Rad1 g6 12. f3 Ne6 13. Bh4 b5 14. Kh1 Bb7 15. e4 dxe4 16. fxe4 Ng4 17. Bxe7 Qxe7 18. Qc1 b4 19. Na4 Qh4 20. h3 Nf2+ 21. Rxf2 Qxf2 22. Rf1 Qh4 23. Qe3 Rad8 24. Bc4 Re7 25. Rd1 Rde8 26. e5 Qg5 27. Qf2 Rd8 28. Bxe6 Rxe6 29. Rf1 Re7 30. Nc5 Bc8 31. Ng3 Qh4 32. Nce4 Kh8 33. Qe3 Be6 34.
Nd6 Bxh3 35. gxh3 Qxh3+ 36. Kg1 Rxd6 37. Rf3 Rd8 38. Ne4 Qg4+ 39. Rg3 Qd1+ 40. Kh2 Qxd4 41. Qh6 Qxe4 42. Rh3 Qe2+ 43. Kg3 Rd3+ 0-1

[Event "GrandPrix_30.05"]
[Site "Chess.com"]
[Date "2020.05.30"]
[Round "2"]
[White "Supernotar"]
[Black "Bacyanide"]
[Result "1/2-1/2"]
[WhiteElo "2151"]
[BlackElo "2411"]
[TimeControl "600+2"]
[EndTime "8:53:40 PDT"]
[Termination "Game drawn by agreement"]

1. d4 d5 2. c4 e6 3. Nf3 Nf6 4. e3 c5 5. dxc5 Bxc5 6. a3 a5 7. Nc3 O-O 8. Be2 Nc6 9. O-O d4 10. exd4 Nxd4 11. Nxd4 Bxd4 12. Nb5 e5 13. Nxd4 exd4 14.
Bg5 h6 15. Bh4 Qb6 16. b4 axb4 17. axb4 Rxa1 18. Qxa1 Bf5 19. Rd1 Rd8 20. Bxf6 Qxf6 21. Bd3 Bxd3 22. Rxd3 Qe6 23. Qc1 Qe2 24. Qd2 Qxd2 25. Rxd2 d3 26. f3 Rd4 27. c5 f5 28. Kf2 f4 29. Ke1 Kf7 30. Rb2 Ke6 31.
b5 Rd8 32. Kd2 Kd5 33. c6 bxc6 34. bxc6 Kxc6 35. Rb3 Ra8 36. Rc3+ Kd5 37. Rxd3+ Ke5 38. Ke2 Ra2+ 39. Kf1 g5 40. Rd8 h5 41. h3 Kf6 42.
Kg1 g4 43. hxg4 hxg4 44. fxg4 Kg5 45. Rh8 Rb2 46. Rh7 Kxg4 47. Rg7+ Kf5 48. Rf7+ Ke4 49. Kh2 Rb5 50. Re7+ Kd3 51. Kh3 Rg5 52. Re8 Rg3+ 53. Kh2 Rg6 54. Kh3 Kd4 55. Kh2 Rg7 56. Kh3 Kd3 57.
Kh2 Kd4 1/2-1/2

[Event "GrandPrix_30.05"]
[Site "Chess.com"]
[Date "2020.05.30"]
[Round "2"]
[White "Tyoma88888"]
[Black "HElissalt"]
[Result "0-1"]
[WhiteElo "2142"]
[BlackElo "2048"]
[TimeControl "600+2"]
[EndTime "8:53:41 PDT"]
[Termination "HElissalt won by resignation"]

1. e4 d6 2. d4 Nf6 3. Nc3 e5 4. Nge2 Be7 5. g3 O-O 6. Bg2 c6 7. O-O b5 8. a3 Nbd7 9. h3 Bb7 10. g4 h6 11. Ng3 Re8 12. Nf5 Bf8 13. f4 exd4 14.
Qxd4 d5 15. Kh2 dxe4 16. g5 hxg5 17. fxg5 Nd5 18. Nxe4 Qc7+ 19. Kh1 c5 20. Qf2 Ne5 21. Qg3 Ng6 22. Qxc7 Nxc7 23. Nf6+ gxf6 24. Bxb7 Rab8 25. Bc6 Re6 26. Bd7 fxg5 27. Bxe6 Nxe6 28. Be3 Ne5 29. Rad1 f6 30. Rd5 Kh7 31. Ng3 Kg6 32. Ne4 Be7 33. Nxc5 Bxc5 34. Bxc5 Nf4 35. Rxe5 fxe5 36. Bxa7 Rh8 37.
Rf3 Nxh3 38. Rb3 Nf4+ 39. Kg1 g4 40. Rxb5 Kf5 41. Bf2 Rd8 42. Be3 Ke4 43. Bxf4 exf4 44. Rb4+ Ke3 45. Rb3+ Ke2 46. Rd3 Rxd3 47. cxd3 f3 0-1

[Event "GrandPrix_30.05"]
[Site "Chess.com"]
[Date "2020.05.30"]
[Round "2"]
[White "Korona_91"]
[Black "BMOchsner"]
[Result "0-1"]
[WhiteElo "2074"]
[BlackElo "2268"]
[TimeControl "600+2"]
[EndTime "8:53:47 PDT"]
[Termination "BMOchsner won by resignation"]

1. e4 e5 2. Nf3 Nc6 3. Bc4 Bc5 4. d3 Nf6 5. Nc3 d6 6. Bg5 h6 7. Bxf6 Qxf6 8. Nd5 Qd8 9. c3 a6 10. d4 Ba7 11.
dxe5 dxe5 12. Qe2 Be6 13. Rd1 Qc8 14. h3 Bc5 15. O-O O-O 16. b4 Bd6 17. Rd2 b5 18.
Bb3 Qb7 19. Nh4 a5 20. Nf5 Bxf5 21. exf5 axb4 22. f6 g6 23. Qg4 Kh7 24. Bc2 Qc8 25.
Qh4 bxc3 26. Nxc3 Bb4 27. Rd3 Bxc3 28. Rxc3 Nd4 29. Bd3 Rxa2 30. Rfc1 c6 31. Rc5 Qe6 32. Re1 Ra4 33. Be4 Nf5 34. Bxf5 Qxf5 35. g4 Qf4 36.
Rcxe5 Ra1 37. Rxa1 Qxe5 38. Rc1 g5 39. Qh5 Qxf6 40. h4 Qg6 41. Qxg5 hxg5 0-1

[Event "GrandPrix_30.05"]
[Site "Chess.com"]
[Date "2020.05.30"]
[Round "2"]
[White "DenLaz"]
[Black "Haykos"]
[Result "1/2-1/2"]
[WhiteElo "2611"]
[BlackElo "2223"]
[TimeControl "600+2"]
[EndTime "8:53:48 PDT"]
[Termination "Game drawn by repetition"]

1. d4 d5 2. c4 dxc4 3. Nf3 Nf6 4. e3 Bg4 5. Bxc4 e6 6. Nc3 Nbd7 7. O-O Bb4 8. Be2 O-O 9. Bd2 c5 10. a3 Bxc3 11.
Bxc3 Ne4 12. Rc1 Rc8 13. dxc5 Nxc3 14. Rxc3 Rxc5 15. Qd4 Rxc3 16. bxc3 Nf6 17. Qxa7 Qc7 18. c4 Ne4 19. Qd4 Bxf3 20. Bxf3 Nc5 21. Rd1 g6 22. h4 h5 23. g3 Ra8 24. Qf6 Re8 25. Kg2 Rc8 26. Rd4 Nd7 27. Qe7 Ne5 28. Qxc7 Rxc7 29. Be2 Kf8 30. f4 Nd7 31. Kf3 Ke7 32. Rd2 Nc5 33. e4 Rc6 34. Rc2 Ra6 35. Rc3 Rb6 36. Ke3 Rb1 37. Kd4 Nb3+ 38. Kd3 Nc5+ 39. Kc2 Rg1 40.
e5 Ne4 41. Rb3 Kd8 42. Bf3 Nc5 43. Rb5 Rxg3 44. Bxb7 Kc7 45. Bh1 Nd7 46. Rb7+ Kc8 47. Ra7 Rg4 48. Bc6 Nxe5 49. fxe5 Rxc4+ 50. Kd3 Rxc6 51. Rxf7 Ra6 52. Kd4 Rxa3 53. Kc5 Kd8 54. Rg7 Rd3 55. Rxg6 Rd5+ 56. Kc4 Rxe5 57. Kd4 Rd5+ 58. Ke4 Ke7 59. Rg8 Ra5 60. Kf4 Kf7 61. Rh8 Kg7 62. Re8 Rf5+ 63. Ke4 Kf7 64. Rh8 Ra5 65. Kf4 Kf6 66. Rh6+ Kf7 67.
Rh8 1/2-1/2

[Event "GrandPrix_30.05"]
[Site "Chess.com"]
[Date "2020.05.30"]
[Round "2"]
[White "Happy1712Drummer"]
[Black "Dolphin_2010"]
[Result "1-0"]
[WhiteElo "2218"]
[BlackElo "2038"]
[TimeControl "600+2"]
[EndTime "8:53:53 PDT"]
[Termination "Happy1712Drummer won by checkmate"]

1. Nf3 c6 2. e4 d5 3. Nc3 dxe4 4. Nxe4 Nf6 5. Qe2 Nxe4 6. Qxe4 Qd5 7. Qh4 Bf5 8. c4 Qe4+ 9. Be2 e6 10. Qxe4 Bxe4 11. d3 Bb4+ 12. Bd2 Bxd2+ 13. Kxd2 Bxf3 14. Bxf3 Ke7 15. d4 Rd8 16. Kc3 a5 17. b3 Na6 18.
a3 Nc7 19. Rhe1 Kf8 20. h4 Rac8 21. Re5 Ra8 22. h5 h6 23. g4 Ra6 24. a4 f6 25.
Rc5 e5 26. d5 Ke7 27. dxc6 b6 28. Rd5 Nxd5+ 29. cxd5 Kd6 30. Kc4 Ra7 31. Kb5 Kc7 32. Rd1 Rd6 33. Be4 Ra8 34. Bf5 Rad8 35. Bd7 Rg8 36. Kc4 Rb8 37. f3 Kd8 38. Kb5 Kc7 39. Kc4 Kd8 40. Bf5 Kc7 41. Rb1 Rbd8 42. Be4 Rb8 43. Rf1 Re8 44. Bg6 Red8 45. Be4 Re8 46. Ra1 Ra8 47. Kb5 Rad8 48. Kc4 Ra8 49. Rb1 Ra7 50. Rc1 Ra8 51. Rd1 Rad8 52. Kb5 Rxc6 53.
b4 axb4 54. Kxb4 Rc5 55. a5 Rxa5 56. Rc1+ Rc5 57. Ra1 Ra5 58. Rc1+ Kd7 59. Rc6 Rc5 60. Rxb6 Rc1 61. d6 Re8 62. Bf5+ Re6 63. Rb7+ Kc6 64. Rc7+ Kxd6 65. Rxc1 Re8 66. Rd1+ Ke7 67. Rd7+ Kf8 68. Rb7 Rd8 69. Be4 Rd4+ 70. Kc5 Rd8 71. Kc6 Rd4 72. Rd7 Rc4+ 73. Kd6 Rd4+ 74. Ke6 Rxd7 75. Kxd7 Kf7 76.
Bg6+ Kf8 77. Ke6 Kg8 78. Ke7 Kh8 79. Kf7 f5 80. Bxf5 e4 81. Bxe4 g6 82. hxg6 h5 83. g7# 1-0

[Event "GrandPrix_30.05"]
[Site "Chess.com"]
[Date "2020.05.30"]
[Round "2"]
[White "DanielDardha2005"]
[Black "Hakob-Hakobyan-Arm"]
[Result "0-1"]
[WhiteElo "2412"]
[BlackElo "2167"]
[TimeControl "600+2"]
[EndTime "8:53:54 PDT"]
[Termination "Hakob-Hakobyan-Arm won by checkmate"]

1. Nf3 d5 2. c4 c6 3. e3 Nf6 4. b3 g6 5. Bb2 Bg7 6. d4 O-O 7. Be2 Bg4 8. Nc3 Nbd7 9. O-O e6 10. h3 Bxf3 11. Bxf3 Qe7 12. Rc1 Rfe8 13. Qe2 Rad8 14. Rfd1 dxc4 15. bxc4 e5 16. Qc2 e4 17. Be2 c5 18. Bf1 cxd4 19. exd4 Bh6 20. Re1 Bxc1 21. Qxc1 Qd6 22. Ba1 a6 23. Nd1 b5 24. cxb5 axb5 25. Bxb5 Nd5 26. Ne3 Nxe3 27. fxe3 Rb8 28. a4 Rec8 29.
Qb2 f6 30. Qb3+ Kg7 31. d5 Ne5 32. Rf1 Rd8 33. Qc2 Rbc8 34. Qxe4 Qxd5 35. Qf4 Rd6 36.
Bd4 Rc2 37. Qg3 h5 38. Rf2 Rxf2 39. Qxf2 Qe4 40. Qb2 Nc6 41. Bxc6 Qxc6 42. a5 Qd5 43. Qa3 Qc6 44. Kh2 h4 45. Qb4 Qc7 46. Kh1 Rc6 47.
Bb2 Rc2 48. a6 Qc6 49. Qe7+ Kh6 50. e4 Rxb2 51. a7 Qc1+ 52. Kh2 Qf4+ 53. Kg1 Rb1# 0-1